AoeStats
← [TopGun]johnnynagel

Lombardia

508489551Analyzed
3v3 RM · 10d ago on Sep 22, 2026· 53m 13s· 6 players
Game mode
Random Map
Map size
Normal (6 player)
Population
200
Speed
Normal
Resources
Standard
Victory
Conquest
Starting age
Dark Age
Ending age
Imperial Age
RankedLock teamsTeams togetherTeam positionsShared explorationLock speedFull tech treeHidden civsTurbo modeCheats
Victory
Defeat
🇩🇪 Celts · Germany
1208
+13
🇩🇪 Franks · Germany
1177
+14
🇩🇪 Ethiopians · Germany
1159
+15
🇵🇱 Varangians · Poland
1199
-16
🇵🇱 Saxons · Poland
1179
-16
🇵🇱 Vikings · Poland
1035
-10
Ignacy Rzecki
11:30 Feudal Age
15:09 Castle Age
13:05 Horse Collar
13:46 Double-Bit Axe
15:50 Bloodlines
19:00 Bow Saw
20:12 Heavy Plow
20:51 Wheelbarrow
29:55 Imperial Age
28:28 Husbandry
28:38 Scale Barding Armor
28:43 Forging
29:14 Hand Cart
29:11 Light Cavalry
29:50 Loom
31:06 Chain Barding Armor
31:21 Iron Casting
30:16 Cavalier
32:25 Plate Barding Armor
32:24 Conscription
32:22 Gold Mining
32:23 Stone Mining
34:56 Blast Furnace
34:46 Hussar
36:01 Caravan
36:35 Vendel Legacy
37:27 Town Watch
43:10 Siege Engineers
43:16 Fortified Wall
45:34 Fletching
52:27 Elite Varangian Guard
53:09 Scale Mail Armor
Tobkubos
11:48 Feudal Age
18:21 Castle Age
16:44 Double-Bit Axe
17:29 Horse Collar
20:13 Heavy Plow
21:19 Padded Archer Armor
21:10 Fletching
25:54 Bow Saw
25:39 Gold Mining
26:18 Loom
27:34 Crossbowman
34:02 Imperial Age
34:44 Caravan
34:21 Arbalester
34:58 Bodkin Arrow
35:18 Leather Archer Armor
36:17 Bracer
38:29 Ring Archer Armor
42:04 Scale Mail Armor
42:15 Forging
41:34 Pikeman
42:14 Squires
45:39 Ballistics
46:21 Chemistry
47:34 Iron Casting
47:15 Chain Mail Armor
Staś Wokulski
12:28 Feudal Age
15:35 Double-Bit Axe
18:16 Castle Age
16:00 Horse Collar
23:12 Bow Saw
23:04 Heavy Plow
24:57 Stone Mining
24:59 Gold Mining
27:27 Wheelbarrow
31:35 Hand Cart
36:55 Imperial Age
35:20 Scale Mail Armor
35:31 Forging
36:20 Gambesons
36:36 Squires
36:21 Arson
39:34 Iron Casting
39:15 Chain Mail Armor
40:25 Crop Rotation
42:15 Plate Mail Armor
42:40 Conscription
43:23 Fortified Wall
43:24 Masonry
42:58 Treadmill Crane
44:59 Elite Varangian Guard
46:42 Caravan
47:58 Gold Shaft Mining
49:37 Onager
[TopGun]Maverick
5:14 Loom
11:40 Feudal Age
15:18 Castle Age
13:49 Double-Bit Axe
16:25 Bow Saw
20:07 Wheelbarrow
19:21 Town Watch
24:36 Stone Mining
24:37 Gold Mining
26:28 Hand Cart
28:51 Scale Barding Armor
29:15 Husbandry
32:23 Imperial Age
30:18 Chain Barding Armor
30:09 Forging
31:04 Light Cavalry
32:34 Gold Shaft Mining
33:26 Iron Casting
33:50 Plate Barding Armor
32:45 Cavalier
34:51 Conscription
34:56 Paladin
37:20 Blast Furnace
41:56 Fletching
42:08 Scale Mail Armor
48:11 Chain Mail Armor
47:52 Bodkin Arrow
47:35 Pikeman
48:16 Squires
48:02 Gambesons
48:47 Padded Archer Armor
49:22 Halberdier
49:50 Arson
51:17 Plate Mail Armor
51:03 Leather Archer Armor
51:22 Chivalry
51:59 Hoardings
53:36 Caravan
[TopGun]johnnynagel
13:35 Feudal Age
18:58 Castle Age
16:43 Loom
16:44 Town Watch
17:00 Double-Bit Axe
19:12 Crossbowman
20:26 Bow Saw
23:09 Fletching
24:31 Bodkin Arrow
25:16 Padded Archer Armor
26:14 Town Patrol
28:19 Wheelbarrow
30:05 Ballistics
35:02 Imperial Age
34:18 Leather Archer Armor
34:01 Murder Holes
35:16 Arbalester
37:52 Bracer
40:42 Ring Archer Armor
41:15 Chemistry
47:05 Caravan
50:02 Thumb Ring
51:30 Two-Man Saw
[TopGun]Sundown
11:08 Feudal Age
15:01 Castle Age
13:06 Double-Bit Axe
13:22 Horse Collar
14:58 Wheelbarrow
16:03 Bow Saw
22:35 Heavy Plow
22:57 Pikeman
25:21 Hand Cart
26:03 Town Watch
26:03 Loom
28:11 Town Patrol
28:17 Scale Barding Armor
28:23 Forging
28:14 Scale Mail Armor
28:38 Gold Mining
28:39 Stone Mining
30:37 Gold Shaft Mining
30:37 Stone Shaft Mining
32:38 Imperial Age
30:40 Chain Mail Armor
32:19 Iron Casting
32:59 Fletching
34:05 Caravan
34:36 Coinage
34:48 Furor Celtica
34:58 Conscription
35:14 Plate Mail Armor
35:44 Blast Furnace
34:39 Heavy Scorpion
36:30 Ballistics
36:21 Masonry
36:08 Murder Holes
36:25 Clinker Construction
36:19 Capped Ram
37:11 Halberdier
37:48 Bodkin Arrow
37:44 Siege Ram
42:36 Arson
43:20 Padded Archer Armor
44:26 Chemistry
43:17 Heated Shot
43:01 Elite Woad Raider
43:13 Onager
51:32 Banking
Connection lost

Rejoining the realm…

Still unreachable

The connection could not be restored.

Session expired

The server has moved on; the page needs a fresh start.